 Dungeon Crawl Stone Soup version 0.20.0-6-gd3061e9 (webtiles) character file.

128 salade2fruit the Digger (level 5, -1/31 HPs)
             Began as an Octopode Earth Elementalist on May 28, 2017.
             Slain by a worker ant (7 damage)
             ... on level 4 of the Dungeon.
             The game lasted 00:07:21 (2627 turns).

salade2fruit the Digger (OpEE)                      Turns: 2627, Time: 00:07:22

Health: -1/31      AC:  1    Str:  4 (7)  XL:     5   Next: 12%
Magic:  4/10       EV: 13    Int: 18 (19) God:
Gold:   204        SH:  0    Dex: 10 (12) Spells: 6/10 levels left

rFire    . . .     SeeInvis .   e - +0 spear
rCold    + . .     Gourm    .   (no shield)
rNeg     . . .     Faith    .   (helmet restricted)
rPois    .         Spirit   .   (no amulet)
rElec    .         Reflect  .   p - ring of protection from cold
rCorr    .         Harm     .   (no ring)
MR       .....                  (no ring)
Stlth    +++.......             (no ring)
Regen    0.1/turn               (no ring)
MPRegen  0.2/turn               (no ring)
                                (no ring)
                                (no ring)

@: lethally poisoned (-1 -> -6)
A: almost no armour, stealthy swim, amphibious, 8 rings, constrict 8, camouflage
1, gelatinous body 1
a: no special abilities


You were on level 4 of the Dungeon.
You were not hungry.

You visited 1 branch of the dungeon, and saw 4 of its levels.

You collected 204 gold pieces.

Inventory:

Hand Weapons
 e - a +0 spear (weapon)
Missiles
 b - 45 stones (quivered)
Jewellery
 p - a ring of protection from cold (left tentacle)
Scrolls
 a - 2 scrolls of identify {unknown}
 f - a scroll of blinking {unknown}
 i - 3 scrolls of teleportation {unknown}
 j - 2 scrolls of random uselessness
 k - a scroll of remove curse
 n - a scroll of amnesia {unknown}
 q - a scroll of fear {unknown}
Potions
 h - 2 potions of heal wounds
 l - a potion of resistance
 m - 2 potions of flight
Books
 d - a book of Geomancy

   Spells                             Type                      Level
   a - Sandblast                      Earth                        1
   b - Passwall                       Transmutation/Earth          2
   c - Stone Arrow                    Conjuration/Earth            3
   d - Petrify                        Transmutation/Earth          4
   e - Lee's Rapid Deconstruction     Earth                        5
Comestibles
 c - 2 bread rations
 g - 3 meat rations
 o - 4 fruits


   Skills:
 - Level 2.0 Dodging
 - Level 2.6 Stealth
 * Level 3.4 Spellcasting
 + Level 1.0 Conjurations
   Level 1.0 Transmutations
 * Level 4.4 Earth Magic


You had 6 spell levels left.
You knew the following spells:

 Your Spells              Type           Power        Failure   Level  Hunger
a - Sandblast             Erth           ###...       2%          1    None
z - Stone Arrow           Conj/Erth      ##....       16%         3    ###....


Dungeon Overview and Level Annotations

Branches:
Dungeon (4/15)
 Temple: D:4-7

Altars:
Trog


Innate Abilities, Weirdness & Mutations

You cannot wear most types of armour.
You are very stealthy in the water. (Stealth+)
You are amphibious.
You can wear up to eight rings at the same time.
You can use your tentacles to constrict eight enemies at once.
Your skin changes colour to match your surroundings (Stealth+).
Your rubbery body absorbs attacks. (AC +1, EV +1)


Message History

You feel sick. The worker ant closely misses you.
Casting: Sandblast
Confirm with . or Enter, or press ? or * to list all spells.
Aiming: Sandblast
Press: ? - help, Shift-Dir - straight line, f/p - worker ant
Aim: a worker ant (almost dead)
The blast of sand misses the worker ant.
b - 46 stones The worker ant bites you!
Casting: Sandblast
Confirm with . or Enter, or press ? or * to list all spells.
Aiming: Sandblast
Press: ? - help, Shift-Dir - straight line, f/p - worker ant
Aim: a worker ant (almost dead)
The blast of sand misses the worker ant.
b - 45 stones You feel sick.
The worker ant bites you.
* * * LOW HITPOINT WARNING * * *
The worker ant bites you!
You die...

# .# ..#
#####...###
#..@a......
...............
...##..........
. #####.!.###
...# ...# ...
..#.


You could see a worker ant.

Vanquished Creatures
  Terence (D:2)
  2 adders
  An ooze (D:3)
  2 worms (D:2)
  3 dart slugs
  3 leopard geckos (D:1)
  An orc (D:3)
  3 ball pythons
  9 bats
  3 giant cockroaches (D:3)
  4 goblins
  6 hobgoblins
  8 jackals
  6 frilled lizards
  7 kobolds
  4 rats
63 creatures vanquished.

Notes
Turn   | Place    | Note
-------+----------+-------------------------------------------
     0 | D:1      | salade2fruit the Octopode Earth Elementalist began the quest for the Orb.
     0 | D:1      | Reached XP level 1. HP: 11/11 MP: 3/3
    19 | D:1      | Reached XP level 2. HP: 5/17 MP: 0/5
   723 | D:1      | Reached XP level 3. HP: 14/21 MP: 5/7
  1453 | D:2      | Reached XP level 4. HP: 27/27 MP: 6/8
  1491 | D:2      | Noticed Terence
  1539 | D:2      | Learned a level 3 spell: Stone Arrow
  1565 | D:2      | Killed Terence
  1565 | D:2      | Reached skill level 4 in Earth Magic
  1730 | D:2      | Found a bloodstained altar of Trog.
  2189 | D:3      | Reached XP level 5. HP: 31/31 MP: 5/10
  2263 | D:3      | Reached skill level 1 in Conjurations
  2627 | D:4      | Slain by a worker ant

Skill      XL: |  1  2  3  4  5 |
---------------+----------------+-----
Spellcasting   | 3 |  3.4
Earth Magic    | 4 |  4.4
Conjurations   | 1 |  1.0
Dodging        | |  2.0
Stealth        | |  2.6
Transmutations | |  1.0

Action                   |  1- 3 |  4- 6 || total
-------------------------+-------+-------++-------
Melee: Unarmed           |    18 |       ||    18
       Constrict         |    13 |     7 ||    20
       Tentacles         |     6 |     1 ||     7
       Spear             |    46 |    41 ||    87
       Short sword       |     1 |       ||     1
 Cast: Sandblast         |    26 |    39 ||    65
  Use: Potion            |     3 |     3 ||     6
       Scroll            |     2 |       ||     2
 Stab: Sleeping          |     2 |       ||     2
  Eat: Chunk             |     2 |     3 ||     5
Armor: Skin              |     2 |     3 ||     5
Dodge: Dodged            |    50 |    33 ||    83
